 Dungeon Crawl Stone Soup version 0.28.0-45-g0d030f2227 (webtiles) character file.

Game seed: 1210433002484707587

44 McKennaii the Skirmisher (level 3, -2/29 HPs)
             Began as a Demonspawn Fighter on Apr 7, 2022.
             Slain by a gnoll
             ... wielding a +0 flail
              (3 damage)
             ... on level 1 of the Dungeon.
             The game lasted 00:01:21 (1096 turns).

McKennaii the Skirmisher (Demonspawn Fighter)       Turns: 1096, Time: 00:01:21

Health: -2/29      AC:  7    Str: 18    XL:     3   Next: 39%
Magic:  3/3        EV:  9    Int:  9    God:
Gold:   42         SH:  4    Dex: 12    Spells: 2/2 levels left

rFire   . . .      SeeInvis .   a - +0 trident
rCold   . . .      Faith    .   c - +0 buckler
rNeg    . . .      Spirit   .   b - +0 scale mail
rPois   .          Reflect  .   (no helmet)
rElec   .          Harm     .   (no cloak)
rCorr   .          Rampage  .   (no gloves)
Will    .....                   (no boots)
Stlth   ..........              (no amulet)
HPRegen 0.09/turn               (no ring)
MPRegen 0.08/turn               (no ring)

@: brilliant
A: powered by death 1, sharp scales 1
a: no special abilities


You were on level 1 of the Dungeon.
You visited 1 branch of the dungeon, and saw 2 of its levels.

You collected 42 gold pieces.

Inventory:

Hand Weapons
 a - a +0 trident (weapon)
Armour
 b - a +0 scale mail (worn)
 c - a +0 buckler (worn)
Scrolls
 e - a scroll of fear {unknown}
Potions
 d - a potion of might
 g - a potion of curing {unknown}
 h - a potion of degeneration {unknown}


   Skills:
 + Level 3.3 Fighting
 * Level 2.4 Polearms
 + Level 3.1 Armour
 - Level 3.0 Shields


You had 2 spell levels left.
You didn't know any spells.
Your spell library was empty.

Dungeon Overview and Level Annotations

Branches:
Dungeon (2/15)

Altars:

Shops:
D:1 (


Innate Abilities, Weirdness & Mutations

You regenerate a little health from kills.
You are partially covered in razor-sharp scales. (AC +1, Slay +1)


Message History

A gnoll comes into view. It is wielding a +0 spear.
There are monsters nearby!
A gnoll comes into view. It is wielding a +0 spear.
The gnoll shouts! x2; You hear a shout! x2
There are monsters nearby!
You reach to attack!
You barely miss the gnoll.
A gnoll comes into view. It is wielding a +0 whip.
There are monsters nearby!
You hit the gnoll but do no damage. The gnoll hits you but does no damage.
The gnoll hits you from afar with a +0 spear.
You barely miss the gnoll. You block the gnoll's attack.
The gnoll hits you from afar with a +0 spear.
The gnoll hits you with a +0 flail. The gnoll closely misses you.
You hit the gnoll but do no damage.
The gnoll hits you from afar with a +0 spear.
You hit the gnoll.
The gnoll is heavily wounded.
The gnoll hits you with a +0 flail.
The gnoll hits you from afar with a +0 spear.
There is a stone staircase leading down here.
There is a stone staircase leading up here.
The gnoll closely misses you.
You climb upwards.
There is a stone staircase leading down here.
You barely miss the gnoll.
The gnoll is moderately wounded.
The gnoll hits you with a +0 flail.
You hit the gnoll but do no damage.
The gnoll is moderately wounded.
The gnoll hits you with a +0 flail!
* * * LOW HITPOINT WARNING * * *
The gnoll hits you with a +0 flail.
* * * LOW HITPOINT WARNING * * *
You barely miss the gnoll.
The gnoll is moderately wounded.
You block the gnoll's attack.
It was a potion of brilliance.
You feel clever all of a sudden. The gnoll hits you with a +0 flail.
You die...

#.# #..#...#.## #.# #.#
#.#..∩..#####.####
####÷###..#...#.#.......#
#..........#.#..#.##.##.#
#.##.##.....#...#.##.##.#
#.##.##)###.#####.#..##.#
#.##........# #.#.###.# ##
#.##.##.#########.#.###.#
.######.......##@.......).....#
.#.......#.#.....g........######
.#.####..#.#..#.....##.#.......#
......#..#.......#.###.#.##.##.#
.#.##....#.............#.#.#.#.##
.#..†.#....).......#####..#......
.###.###.########.## #.#......#
#.....#..# ##.## #.##.>#.#.
#.####.#.# #...# #.......##


You could see a gnoll.

Vanquished Creatures
  An endoplasm (D:2)
  A giant cockroach (D:1)
  5 goblins
  5 hobgoblins
  3 jackals (D:2)
  7 kobolds
  2 quokkas (D:1)
  3 ball pythons (D:1)
  6 bats
  3 frilled lizards (D:1)
  3 rats (D:1)
39 creatures vanquished.

Notes
Turn   | Place    | Note
-------+----------+-------------------------------------------
     0 | D:1      | McKennaii the Demonspawn Fighter began the quest for the
                  | Orb.
     0 | D:1      | Reached XP level 1. HP: 18/18 MP: 1/1
    76 | D:1      | Found a faded altar of an unknown god.
    81 | D:1      | Gained mutation: You regenerate a little health from kills.
                  | [demonic ancestry]
    81 | D:1      | Reached XP level 2. HP: 16/24 MP: 2/2
   320 | D:1      | Found Jeoffunn's Weapon Shoppe.
   642 | D:1      | Gained mutation: You are partially covered in razor-sharp
                  | scales. (AC +1, Slay +1) [demonic ancestry]
   642 | D:1      | Reached XP level 3. HP: 29/29 MP: 3/3
  1094 | D:1      | HP: 1/29 [gnoll/+0 flail (2)]
  1096 | D:1      | Slain by a gnoll

Illustrated notes

Levels and vault maps discovered:
D:1:      dpeg_arrival_windows_large_door, layout_loops_cross,
          chequers_ecumenical_altar_simple, serial_shops, nicolae_diamond_shop
D:2:      layout_loops_ring

Skill      XL: |  1  2 |
---------------+-------+-----
Polearms       | 2 |  2.4
Armour         | 3 |  3.1
Shields        | 3 |  3.0
Fighting       | |  3.3

Action                   || total
-------------------------++-------
Melee: Trident           ||   114
  Use: Potion            ||     1
Armor: Scale mail        ||    38
Dodge: Dodged            ||    38
Block: Buckler           ||    19
